 Dungeon Sprint DCSS version 0.21-a0-401-g0b6bec4 (webtiles) character file.

3368 Kidiri the Thaumaturge (level 9, -1/54 HPs)
             Began as a Deep Elf Fire Elementalist on Oct 23, 2017.
             Slain by a killer bee (8 damage)
             ... in the Dungeon (Sprint III: "The Ten Rune Challenge").
             The game lasted 00:07:58 (1416 turns).

Kidiri the Thaumaturge (Deep Elf Fire Elementalist) Turns: 1416, Time: 00:07:59

Health: -1/54      AC:  8    Str:  5    XL:     9   Next: 73%
Magic:  5/29       EV: 18    Int: 24    God:
Gold:   64         SH:  0    Dex: 17    Spells: 16/37 levels left

rFire    . . .     SeeInvis .   k - +0 dagger
rCold    . . .     Gourm    .   (no shield)
rNeg     . . .     Faith    .   a - +0 robe
rPois    .         Spirit   .   (no helmet)
rElec    .         Reflect  .   (no cloak)
rCorr    .         Harm     .   (no gloves)
MR       .....     NoTele   +   (no boots)
Stlth    ++........             (no amulet)
HPRegen  0.18/turn              (no ring)
MPRegen  0.21/turn              (no ring)

@: lethally poisoned (-1 -> -20), hasted, very quick
A: icy blue scales 1, slimy green scales 1, yellow scales 1, agile 1, blink
a: Blink


You were in the Dungeon.
You were hungry.

You visited 1 branch You collected 64 gold pieces.

Inventory:

Hand Weapons
 k - a +0 dagger (weapon)
 t - a +0 dagger
 u - a cursed -2 dagger
 x - a +0 long sword of holy wrath
 y - a +0 hand axe
 A - a +0 dagger
 D - a +0 giant spiked club
 E - a +0 giant spiked club
 F - a +0 giant spiked club
 G - a +0 giant spiked club
 H - a +0 giant club
 I - a +0 giant club
 J - a +0 giant spiked club
 K - a +0 giant spiked club
 L - a +0 giant spiked club
 N - a +0 giant club
 O - a +0 giant club
Missiles
 Q - 8 throwing nets (quivered)
Armour
 a - a +0 robe (worn)
 l - a +0 robe
 v - a cursed +0 robe
 w - a +0 robe
 z - a +0 robe
 B - a +0 robe
 M - a +0 robe
Scrolls
 d - a scroll of holy word {unknown}
 e - 3 scrolls of identify
 i - a scroll of blinking
 j - a scroll of remove curse {unknown}
 o - a scroll of torment {unknown}
 p - a scroll of immolation {unknown}
Potions
 g - 2 potions of magic
 h - a potion of berserk rage
 n - 3 potions of flight
Books
 b - a book of Flames

   Spells                             Type                      Level
   a - Flame Tongue                   Conjuration/Fire             1
   b - Throw Flame                    Conjuration/Fire             2
   c - Conjure Flame                  Conjuration/Fire             3
   d - Inner Flame                    Hexes/Fire                   3
   e - Sticky Flame                   Conjuration/Fire             4
   f - Fireball                       Conjuration/Fire             5
 r - a book of Minor Magic

   Spells                             Type                      Level
   a - Magic Dart                     Conjuration                  1
   b - Blink                          Translocation                2
   c - Call Imp                       Summoning                    2
   d - Slow                           Hexes                        2
   e - Conjure Flame                  Conjuration/Fire             3
   f - Mephitic Cloud                 Conjuration/Poison/Air       3
Miscellaneous
 s - a sack of spiders
Comestibles
 c - a bread ration
 m - 2 royal jellies
 q - 2 fruits
 C - 4 chunks of flesh
 P - 2 inedible chunks of flesh


   Skills:
 + Level 5.2 Fighting
 + Level 6.3 Short Blades
 + Level 5.2 Armour
 + Level 8.2 Dodging
 - Level 2.4 Stealth
 * Level 14.8 Spellcasting
 + Level 9.2 Conjurations
 + Level 9.7 Fire Magic
 + Level 6.3 Air Magic
 + Level 6.9 Poison Magic


You had 16 spell levels left.
You knew the following spells:

 Your Spells              Type           Power        Failure   Level  Hunger
a - Flame Tongue          Conj/Fire      #####        1%          1    None
b - Throw Flame           Conj/Fire      ######       1%          2    None
c - Conjure Flame         Conj/Fire      ######..     1%          3    None
d - Inner Flame           Hex/Fire       #####...     1%          3    None
e - Sticky Flame          Conj/Fire      ######..     1%          4    None
f - Fireball              Conj/Fire      ######....   1%          5    ##.....
g - Mephitic Cloud        Conj/Pois/Air  ######..     1%          3    None


Dungeon Overview and Level Annotations

Branches:
Dungeon (1/1)

Altars:
Cheibriados
Dithmenos
Elyvilon
Fedhas
Gozag
Hepliaklqana
Kikubaaqudgha
Makhleb
Nemelex Xobeh
Okawaru
Qazlal
Ru
Sif Muna
Trog
Uskayaw
Vehumet
Wu Jian
Xom
Yredelemnul
Zin
The Shining One
Beogh
Jiyva
Lugonu

Annotations:
D exclusion: door


Innate Abilities, Weirdness & Mutations

You are partially covered in icy blue scales. (AC +2)
You are partially covered in slimy green scales. (AC +2)
You are partially covered in yellow scales. (AC +2)
You are agile. (Dex +2)
You can translocate small distances at will.


Message History

The killer bee poisons you!
The killer bee stings you but does no damage.
The killer bee closely misses you.
Unknown command.
You feel sick.
The killer bee dies!
Something closely misses the killer bee.
The killer bee stings you. x2
Unknown command.
You feel sick. The killer bee stings you.
* * * LOW HITPOINT WARNING * * *
You are more poisoned.
The killer bee poisons you! The killer bee stings you.
* * * LOW HITPOINT WARNING * * *
The killer bee completely misses you.
Unknown command.
You feel yourself speed up.
* * * LOW HITPOINT WARNING * * *
You feel sick.
The killer bee misses you. x2; The killer bee stings you!
You die...

## .# .# '#
.#+###########################
.#....#.#.#÷....#.....†'%yyy≈#
.##.#..#.##.###.#......#%yy≈≈#
.'##.#.#.##.#..##yy....# y%≈≈≈
.#...#..#..##..'@y.....# yy≈≈
▓▓▓▓▓▓▓▓▓▓▓▓▓▓▓#yy.....# y.%
#.......# y% +.......# %
#.......# ##+######


You could see 5 killer bees.

Vanquished Creatures
  Erolcha (D)
  A deep elf mage (D)
  2 redbacks (D)
  A shadow (D)
  A spatial vortex (D)
  A necrophage (D)
  5 two-headed ogres (D)
  A water elemental (D)
  7 killer bees (D)
  A jelly (D)
  A wizard (D)
  Jessica (D)
  A necromancer (D)
  3 humans (D)
  A kobold demonologist (D)
  A wolf (D)
  3 rats (D)
32 creatures vanquished.

Vanquished Creatures (collateral kills)
  A queen bee (D)
  2 killer bees (D)
3 creatures vanquished.

Vanquished Creatures (others)
  2 draconian scorchers (D)
  6 hellions (D)
  2 yaktaurs (D)
  A killer bee (D)
11 creatures vanquished.

Grand Total: 46 creatures vanquished

Notes
Turn   | Place    | Note
-------+----------+-------------------------------------------
     0 | D        | Kidiri the Deep Elf Fire Elementalist began the quest for the Orb.
     0 | D        | Reached XP level 1. HP: 10/10 MP: 6/6
    90 | D        | Noticed Jessica
    95 | D        | Killed Jessica
    95 | D        | Reached skill level 6 in Spellcasting
    95 | D        | Reached XP level 2. HP: 13/15 MP: 3/11
    99 | D        | Learned a level 2 spell: Throw Flame
   163 | D        | Killed a hellion
   164 | D        | Killed a hellion
   164 | D        | Killed a hellion
   169 | D        | Killed a hellion
   169 | D        | Killed a yaktaur
   184 | D        | Reached skill level 7 in Spellcasting
   184 | D        | Reached skill level 5 in Fire Magic
   184 | D        | Reached XP level 3. HP: 18/19 MP: 1/13
   189 | D        | Learned a level 3 spell: Conjure Flame
   193 | D        | Learned a level 3 spell: Inner Flame
   216 | D        | Killed a hellion
   298 | D        | Killed a hellion
   304 | D        | Killed a white draconian scorcher
   306 | D        | Killed a white draconian scorcher
   326 | D        | Gained mutation: You are frail. (-10% HP) [potion of mutation]
   326 | D        | Gained mutation: Your body sometimes deteriorates upon taking damage. [potion of mutation]
   326 | D        | Gained mutation: Your system is resistant to poisons. (rPois) [potion of mutation]
   327 | D        | Lost mutation: Your system is resistant to poisons. (rPois) [potion of mutation]
   327 | D        | Lost mutation: Your body sometimes deteriorates upon taking damage. [potion of mutation]
   327 | D        | Lost mutation: You are frail. (-10% HP) [potion of mutation]
   327 | D        | Gained mutation: Armour fits poorly on your strangely shaped body. [potion of mutation]
   327 | D        | Gained mutation: Your movements are slightly less encumbered by armour. (ER -2) [potion of mutation]
   327 | D        | Gained mutation: You possess an exceptional clarity of mind. [potion of mutation]
   327 | D        | Gained mutation: You are partially covered in molten scales. (AC +2) [potion of mutation]
   328 | D        | Lost mutation: You possess an exceptional clarity of mind. [potion of mutation]
   328 | D        | Lost mutation: You are partially covered in molten scales. (AC +2) [potion of mutation]
   328 | D        | Lost mutation: Armour fits poorly on your strangely shaped body. [potion of mutation]
   328 | D        | Gained mutation: You are partially covered in icy blue scales. (AC +2) [potion of mutation]
   328 | D        | Gained mutation: You are clumsy. (Dex -2) [potion of mutation]
   328 | D        | Gained mutation: You can translocate small distances at will. [potion of mutation]
   329 | D        | Lost mutation: Your movements are slightly less encumbered by armour. (ER -2) [potion of mutation]
   329 | D        | Gained mutation: Scrolls take you a little longer to read. [potion of mutation]
   329 | D        | Gained mutation: You have a pair of small antennae on your head. [potion of mutation]
   329 | D        | Gained mutation: You are partially covered in slimy green scales. (AC +2) [potion of mutation]
   330 | D        | Lost mutation: You have a pair of small antennae on your head. [potion of mutation]
   330 | D        | Lost mutation: Scrolls take you a little longer to read. [potion of mutation]
   330 | D        | Lost mutation: You are clumsy. (Dex -2) [potion of mutation]
   330 | D        | Gained mutation: You are partially covered in yellow scales. (AC +2) [potion of mutation]
   330 | D        | Gained mutation: You are agile. (Dex +2) [potion of mutation]
   358 | D        | Noticed a water elemental
   363 | D        | Killed a water elemental
   363 | D        | Reached skill level 9 in Spellcasting
   363 | D        | Reached skill level 5 in Conjurations
   363 | D        | Reached XP level 4. HP: 24/24 MP: 11/17
   369 | D        | Learned a level 4 spell: Sticky Flame
   400 | D        | Found a radiant altar of Vehumet.
   401 | D        | Found a deep blue altar of Sif Muna.
   401 | D        | Found an ancient bone altar of Kikubaaqudgha.
   401 | D        | Noticed a wizard
   402 | D        | Killed a wizard
   402 | D        | Reached XP level 5. HP: 28/28 MP: 14/19
   404 | D        | Reached skill level 10 in Spellcasting
   439 | D        | Killed a yaktaur
   470 | D        | Learned a level 5 spell: Fireball
   474 | D        | Learned a level 3 spell: Mephitic Cloud
   474 | D        | Found a glowing silver altar of Zin.
   475 | D        | Found a glowing golden altar of the Shining One.
   475 | D        | Found a white marble altar of Elyvilon.
   475 | D        | Noticed a deep elf mage
   482 | D        | Killed a deep elf mage
   482 | D        | Reached skill level 11 in Spellcasting
   482 | D        | Reached XP level 6. HP: 36/36 MP: 10/22
   482 | D        | Reached XP level 7. HP: 40/40 MP: 10/24
   552 | D        | Found an ornate altar of the Wu Jian Council.
   552 | D        | Found a roughly hewn altar of Beogh.
   552 | D        | Found an iron altar of Okawaru.
   552 | D        | Found a bloodstained altar of Trog.
   552 | D        | Found a hide-covered altar of Uskayaw.
   552 | D        | Noticed a human
   552 | D        | Noticed a human
   557 | D        | Killed a human
   557 | D        | Reached skill level 5 in Dodging
   557 | D        | Reached skill level 12 in Spellcasting
   568 | D        | Killed a human
   734 | D        | Found a basalt altar of Yredelemnul.
   734 | D        | Found a shadowy altar of Dithmenos.
   734 | D        | Found a sacrificial altar of Ru.
   794 | D        | Noticed a shadow
   796 | D        | Killed a shadow
   796 | D        | Reached XP level 8. HP: 46/46 MP: 17/26
   852 | D        | Found a blossoming altar of Fedhas.
   852 | D        | Found a stormy altar of Qazlal.
   852 | D        | Found a snail-covered altar of Cheibriados.
   852 | D        | Found a burning altar of Makhleb.
   852 | D        | Found a shimmering altar of Xom.
   853 | D        | Found a hazy altar of Hepliaklqana.
   853 | D        | Found an opulent altar of Gozag.
   853 | D        | Found a sparkling altar of Nemelex Xobeh.
   853 | D        | Found a corrupted altar of Lugonu.
   853 | D        | Found a viscous altar of Jiyva.
   872 | D        | Reached skill level 13 in Spellcasting
   872 | D        | Reached skill level 5 in Poison Magic
  1118 | D        | Noticed a two-headed ogre
  1133 | D        | Killed a two-headed ogre
  1133 | D        | Reached skill level 5 in Short Blades
  1133 | D        | Reached skill level 5 in Air Magic
  1236 | D        | Noticed a two-headed ogre
  1236 | D        | Noticed Erolcha
  1242 | D        | Killed a two-headed ogre
  1242 | D        | Reached XP level 9. HP: 52/52 MP: 10/28
  1245 | D        | Killed Erolcha
  1245 | D        | Reached skill level 5 in Fighting
  1245 | D        | Reached skill level 5 in Armour
  1245 | D        | Reached skill level 14 in Spellcasting
  1396 | D        | Noticed a queen bee
  1408 | D        | Killed a queen bee
  1416 | D        | Slain by a killer bee

Vault maps used:
D:        dungeon_sprint_mu

Skill      XL: |  1  2  3  4  5  6  7  8  9 |
---------------+----------------------------+-----
Spellcasting   | 6 7 9 11 12 13 14 | 14.8
Conjurations   | 3 5 7 8 9 |  9.2
Fire Magic     | 4 5 6 7 8 9 |  9.7
Fighting       | 2 3 4 5 |  5.2
Short Blades   | 3 4 5 6 |  6.3
Armour         | 2 3 4 5 |  5.2
Dodging        | 4 6 7 8 |  8.2
Air Magic      | 3 4 5 6 |  6.3
Poison Magic   | 3 4 5 6 |  6.9
Stealth        | |  2.4

Action                   |  1- 3 |  4- 6 |  7- 9 || total
-------------------------+-------+-------+-------++-------
Melee: Dagger            |       |       |     1 ||     1
 Cast: Flame Tongue      |    23 |     7 |    71 ||   101
       Sticky Flame      |       |     2 |     9 ||    11
       Mephitic Cloud    |       |     1 |     5 ||     6
       Conjure Flame     |       |       |     6 ||     6
       Inner Flame       |       |       |     4 ||     4
 Abil: Blink             |       |       |     1 ||     1
  Use: Potion            |     7 |       |     1 ||     8
  Eat: Chunk             |       |       |     1 ||     1
Armor: Robe              |       |     1 |     2 ||     3
Dodge: Dodged            |     7 |       |    12 ||    19

Table legend:
 A = Spawn XP
 B = Non-spawn XP
 C = Spawn XP percentage of total XP
 D = Spawn monster count
 E = Non-spawn monster count
 F = Spawn count percentage of total count
 G = Total turns spent on level
                    A         B        C        D         E        F      G
               +---------+---------+-------+---------+---------+-------+---------
         Total |       0 |    4812 |   0.0 |       0 |      36 |   0.0 |  1416
               +---------+---------+-------+---------+---------+-------+---------
             D |       0 |    4812 |   0.0 |       0 |      36 |   0.0 |  1416
               +---------+---------+-------+---------+---------+-------+---------
